 Dungeon Crawl Stone Soup version 0.32-a0-468-g38b2580584 (webtiles) character file.

Game seed: 7118681256811165730

21 Sabo the Chopper (level 2, -3/23 (27) HPs)
             Began as a Mountain Dwarf Monk on Feb 24, 2024.
             Slain by Terence
             ... wielding the +7 Throatcutter {drain, coup de grace}
              (10 damage)
             ... on level 2 of the Dungeon.
             The game lasted 00:04:14 (1111 turns).

Sabo the Chopper (Mountain Dwarf Monk)              Turns: 1111, Time: 00:04:15

HP:   -3/23 (27)    AC:  5    Str: 13    XL:     2   Next: 62%
MP:   2/2           EV: 11    Int: 10    God:
Gold: 61            SH:  0    Dex: 12    Spells: 1/1 levels left

rFire   . . .        a - +0 hand axe
rCold   . . .        d - orb {light}
rNeg    . . .        e - +0 ring mail
rPois   .            (no helmet)
rElec   .            (no cloak)
rCorr   .            (no gloves)
SInv    .            (no boots)
Will    .....        (no amulet)
Stlth   +            (no ring)
HPRegen 0.23/turn    (no ring)
MPRegen 0.08/turn

%: no passive effects
@: glowing, heavily drained
A: runic magic, artefact enchanting
a: no special abilities


You were on level 2 of the Dungeon.
You visited 1 branch of the dungeon, and saw 2 of its levels.

You collected 61 gold pieces.

Inventory:

Hand Weapons
 a - a +0 hand axe (weapon)
 h - a +0 sling
Armour
 b - a +0 robe
 d - an orb of light (worn)
 e - a +0 ring mail (worn)
 m - a +0 leather armour
Magical Staves
 k - a staff of cold
Talismans
 j - a beast talisman
Scrolls
 g - a scroll of identify {unknown}
 l - a scroll of fog {unknown}
Potions
 c - 2 potions of ambrosia
 f - a potion of curing {unknown}
 i - a potion of heal wounds {unknown}


   Skills:
 + Level 3.8 Fighting
 + Level 4.1 Axes
 + Level 0.3 Armour
 + Level 2.2 Dodging


You had one spell level left.
You didn't know any spells.
Your spell library was empty.

Dungeon Overview and Level Annotations

Branches:
Dungeon (2/15)

Altars:

Annotations:
D:2 Natasha, Terence


Innate Abilities, Weirdness & Mutations

Your spellcasting is much less encumbered by armour.
You can use scrolls of enchantment on lesser artefacts.


Message History

You kill the frilled lizard!
There is a stone staircase leading down here.
You climb downwards.
The goblin shouts!
There is a stone staircase leading up here.
You barely miss the goblin. The goblin closely misses you.
You hit the goblin.
You kill the goblin!
Natasha, Servant of Life and Death comes into view.
Natasha hisses angrily.
Things that are here:
a +0 club; a goblin corpse
There is a stone staircase leading up here.
You climb upwards.
There is a stone staircase leading down here.
Things that are here:
a +0 short sword; a kobold skeleton
There is an open door here.
There is an open door here.
You see here a +0 leather armour.
m - a +0 leather armour
There is a stone staircase leading down here.
You climb downwards.
Level annotation: Natasha
There is a stone staircase leading up here.
Terence hits you with the +7 Throatcutter!
Ouch! That really hurt!
You feel drained.
You hit Terence.
Terence is lightly wounded.
Terence hits you with the +7 Throatcutter.
You feel drained.
Terence hits you with the +7 Throatcutter.
* * * LOW HITPOINT WARNING * * *
You feel drained.
You hit Terence but do no damage.
Terence is lightly wounded.
Terence hits you with the +7 Throatcutter!
You die...
Terence says, "Rest in peace."

#### #.. #.#
####.#####.#
#.<.@@......
#.##.#####.#
#. #.# #.
#.. #. ####
#. #. #.


You could see Terence.

Vanquished Creatures
  A dart slug (D:1)
  A bat (D:1)
  A goblin (D:2)
  2 hobgoblins (D:1)
  3 jackals (D:1)
  2 kobolds (D:1)
  2 quokkas (D:1)
  3 frilled lizards (D:1)
  A rat (D:1)
16 creatures vanquished.

Notes
Turn   | Place    | Note
-------+----------+-------------------------------------------
     0 | D:1      | Sabo the Mountain Dwarf Monk began the quest for the Orb.
     0 | D:1      | Reached XP level 1. HP: 19/19 MP: 1/1
   179 | D:1      | Reached skill level 4 in Axes
   196 | D:1      | Reached XP level 2. HP: 26/26 MP: 2/2
  1044 | D:2      | Noticed Natasha
  1107 | D:2      | Noticed Terence
  1111 | D:2      | Slain by Terence

Illustrated notes

Levels and vault maps discovered:
D:1:      wander_arrival_peaceful_grave, layout_loops_corners,
          minmay_tetromino_t2
D:2:      layout_loops_cross, serial_shops,
          nicolae_shop_competitors_out_of_business, uniq_natasha, uniq_terence,
          uniq_robin

Skill      XL: |  1 |
---------------+----+-----
Axes           | 4 |  4.1
Fighting       | |  3.8
Armour         | |  0.3
Dodging        | |  2.2

Action                     || total
---------------------------++-------
  Melee: Hand axe          ||    44
 Armour: Ring mail         ||    25
  Dodge: Dodged            ||    24

Table legend: (Time is in decaauts)
 A = Elapsed time spent in this place.
 B = Non-inter-level travel time spent in this place.
 C = Inter-level travel time spent in this place.
 D = Time resting spent in this place.
 E = Time spent auto-exploring this place.
 F = Levels seen in this place.
 G = Mean time per level.
                   A        B        C        D        E       F      G
               +--------+--------+--------+--------+--------+-----+--------+
         Total |   1115 |   1115 |      0 |    114 |      0 |   2 |  557.5 |
       Dungeon |   1115 |   1115 |      0 |    114 |      0 |   2 |  557.5 |
               +--------+--------+--------+--------+--------+-----+--------+

Top non-repeatable levels by time:
     D:1: 1105 daAuts
     D:2: 9 daAuts
